 Dungeon Crawl Stone Soup version 0.24-a0-378-g94936e539c (webtiles) character file.

Game seed: 7996192027295238608

21579 theanonym the Arsonist (level 12, -5/97 HPs)
             Began as a Demigod Fire Elementalist on June 2, 2019.
             Slain by a wyvern (13 damage)
             ... on level 11 of the Dungeon.
             The game lasted 00:40:04 (19110 turns).

theanonym the Arsonist (Demigod Fire Elementalist) Turns: 19110, Time: 00:40:05

Health: -5/97      AC:  6    Str: 20    XL:     12   Next: 25%
Magic:  15/27      EV: 12    Int: 27    God:
Gold:   799        SH:  0    Dex: 16    Spells: 12/25 levels left

rFire    + + .     SeeInvis .   b - staff of fire
rCold    . . .     Gourm    .   (no shield)
rNeg     . . .     Faith    .   g - +0 leather armour
rPois    .         Spirit   .   F - +0 helmet
rElec    .         Reflect  .   i - +1 cloak
rCorr    .         Harm     .   (no gloves)
MR       +....                  (no boots)
Stlth    ++........             r - amulet "Ruwnour" {RegenMP *Slow Str+5}
HPRegen  0.26/turn              D - +4 ring of strength
MPRegen  0.45/turn              G - ring of Doiwnyg {+Inv rF+}

@: slowed, very slow
A: high mp 1
a: Evoke Invisibility


Innate Abilities, Weirdness & Mutations

You have an increased reservoir of magic. (+10% MP)


   Skills:
 + Level 6.7 Fighting
 - Level 4.0 Armour
 - Level 1.7 Dodging
 - Level 1.7 Stealth
 + Level 7.3 Spellcasting
 + Level 11.4 Conjurations
 + Level 11.4 Fire Magic


You had 12 spell levels left.
You knew the following spells:

 Your Spells              Type           Power        Failure   Level  Hunger
a - Flame Tongue          Conj/Fire      #####        1%          1    None
b - Conjure Flame         Conj/Fire      #######.     1%          3    None
c - Sticky Flame          Conj/Fire      #######.     1%          4    ##.....
f - Fireball              Conj/Fire      #######...   1%          5    #####..

Your spell library contained the following spells:

 Spells                   Type           Power        Failure   Level  Hunger
 Shock                    Conj/Air       ####         1%          1    None
 Throw Flame              Conj/Fire      ######       1%          2    None
 Inner Flame              Hex/Fire       ######..     1%          3    None
 Static Discharge         Conj/Air       #####...     1%          3    None
 Swiftness                Chrm/Air       #.......     10%         2    None
 Lightning Bolt           Conj/Air       #####.....   17%         5    #####..
 Airstrike                Air            #.........   54%         4    ##.....
 Haunt                    Necr/Summ      #.........   100%        7    #######
 Borgnjor's Revivificati  Necr           #.........   100%        8    #######
 Death's Door             Chrm/Necr      #.........   100%        8    #######
 Infestation              Necr           #.........   100%        8    #######
 Necromutation            Tmut/Necr      #.........   100%        8    #######

Skill      XL: |  1  2  3  4  5  6  7  8  9 10 11 |
---------------+----------------------------------+-----
Conjurations   | 1 2 3 4 6 7 9 10 11 | 11.4
Spellcasting   | 2 3 4 5 7 |  7.3
Fire Magic     | 3 4 5 6 8 9 10 11 | 11.4
Armour         | 4 |  4.0
Fighting       | 3 6 |  6.7
Dodging        | |  1.7
Stealth        | |  1.7

Action                   |  1- 3 |  4- 6 |  7- 9 | 10-12 || total
-------------------------+-------+-------+-------+-------++-------
Melee: Dagger            |    28 |    26 |    57 |       ||   111
       Rapier            |       |       |    59 |   162 ||   221
       Staff             |       |       |       |    13 ||    13
Throw: Throwing net      |       |       |       |     6 ||     6
 Cast: Flame Tongue      |    60 |    88 |   315 |   314 ||   777
       Conjure Flame     |     1 |       |    13 |     5 ||    19
       Sticky Flame      |       |       |    17 |    51 ||    68
       Fireball          |       |       |    10 |    62 ||    72
Evoke: Wand              |       |     1 |     1 |     2 ||     4
       Staff of energy   |       |       |     1 |       ||     1
       Phantom mirror    |       |       |       |     1 ||     1
  Use: Scroll            |     3 |     4 |     8 |    11 ||    26
       Potion            |     1 |       |       |       ||     1
 Stab: Sleeping          |       |       |       |     1 ||     1
       Held in net/web   |       |       |       |     1 ||     1
  Eat: Chunk             |    13 |     9 |     9 |    24 ||    55
       Ration            |       |       |     3 |     8 ||    11
Armor: Leather armour    |    15 |    12 |    38 |    91 ||   156
Dodge: Dodged            |    38 |    27 |   104 |   180 ||   349
Block: Other             |       |       |    52 |    30 ||    82
       Reflection        |       |       |     1 |     1 ||     2

Inventory:

Hand Weapons
 a - the +7 rapier "Ysyemy" {speed, rPois Dex-2 SInv} Attacks with this weapon are significantly faster. It affects your dexterity (-2). It protects you from poison. It lets you see invisible.
Armour
 g - a +0 leather armour (worn)
 i - a +1 cloak (worn)
 F - a +0 helmet (worn)
Magical Staves
 b - an uncursed staff of fire (weapon)
 u - an uncursed staff of energy
Jewellery
 r - the amulet "Ruwnour" (around neck) {RegenMP *Slow Str+5}

   [amulet of magic regeneration]

   It increases your magic regeneration.
   It affects your strength (+5).
   It may slow you when you take damage.
 D - a +4 ring of strength (left hand)
 E - an uncursed ring of ice
 G - the ring of Doiwnyg (right hand) {+Inv rF+}

   [ring of protection from fire]

   It protects you from fire.
   It lets you turn invisible.
Wands
 d - a wand of digging (4)
 j - a wand of polymorph (33)
 l - a wand of random effects (21)
 m - a wand of paralysis (2)
 o - a wand of iceblast (5)
 v - a wand of acid (4)
 w - a wand of flame (9)
Scrolls
 f - 2 scrolls of fog
 n - 8 scrolls of remove curse
 p - 3 scrolls of immolation
 t - 7 scrolls of teleportation
 y - 2 scrolls of magic mapping
 A - 2 scrolls of amnesia
Potions
 c - a potion of agility {unknown}
 h - a potion of flight
 k - a potion of berserk rage
 q - 4 potions of heal wounds
 x - 2 potions of ambrosia
 z - a potion of resistance
 C - a potion of mutation
 H - a potion of degeneration {unknown}
Comestibles
 e - 21 rations


You were on level 11 of the Dungeon.
You were not hungry.

You visited 1 branch of the dungeon, and saw 12 of its levels.

You collected 799 gold pieces.

Dungeon Overview and Level Annotations

Branches:
Dungeon (12/15)            Temple (0/1) D:6            Lair (0/6) D:11
    Orc (0/2) D:9

Shops:
D:5 (

Annotations:
D:4 2 runed translucent doors, TheOvate's ghost, amateur GrEE
D:7 4 runed translucent doors

.#.##.#...##..## ##.#
..##..##.#.#.#.##
##.##
.##....[###..##.###.##
##..####.#.#.###.#.##
...## ##[.#.# ##.##
..## ##.#.# ### .##
#.#.# ## #.#.#########
#.#...)@l.).#
#...)######)# ####.#
#.# #.# #.# #)# #.#
#.# #.# ########.# #.#
#........# #.#
#.######## #.#


You could see a wyvern.

Notes
Turn   | Place    | Note
-------+----------+-------------------------------------------
     0 | D:1      | theanonym the Demigod Fire Elementalist began the quest for
                  | the Orb.
     0 | D:1      | Reached XP level 1. HP: 14/14 MP: 5/5
    10 | D:1      | Reached skill level 1 in Conjurations
   386 | D:1      | Reached skill level 2 in Spellcasting
   566 | D:1      | Reached XP level 2. HP: 18/20 MP: 4/7
   646 | D:1      | Reached skill level 3 in Fire Magic
  1137 | D:2      | HP: 9/20 [adder (2)]
  1141 | D:2      | HP: 3/20 [adder (4)]
  1142 | D:2      | Reached XP level 3. HP: 3/26 MP: 0/9
  1439 | D:2      | Found a white marble altar of Elyvilon.
  1461 | D:2      | Learned a level 3 spell: Conjure Flame
  1661 | D:2      | Reached skill level 2 in Conjurations
  1788 | D:2      | Noticed an ogre
  1793 | D:2      | Killed an ogre
  1793 | D:2      | Reached XP level 4. HP: 33/33 MP: 3/11
  1868 | D:2      | theanonym: !stats dgfe
  1897 | D:2      | Found a deep blue altar of Sif Muna.
  2000 | D:2      | Learned a level 4 spell: Sticky Flame
  2000 | D:2      | Noticed Jessica
  2108 | D:2      | Killed Jessica
  2108 | D:2      | Reached skill level 3 in Spellcasting
  2108 | D:2      | Reached XP level 5. HP: 27/38 MP: 9/12
  2200 | D:2      | meem: Starting stats for DgFE: Str 11 Int 19 Dex 16. Stat
                  | gain: choose2/3
  2438 | D:3      | Noticed Robin
  2553 | D:3      | Killed Robin
  2553 | D:3      | Reached skill level 4 in Fire Magic
  2637 | D:3      | Reached skill level 3 in Conjurations
  2866 | D:3      | Found a white marble altar of Elyvilon.
  3169 | D:3      | Found a faded altar of an unknown god.
  3290 | D:3      | Reached XP level 6. HP: 34/45 MP: 5/13
  3834 | D:4      | You fall into a shaft and drop 2 floors!
  3933 | D:6      | Reached skill level 4 in Conjurations
  3976 | D:6      | Reached skill level 5 in Fire Magic
  4002 | D:6      | Noticed a hippogriff
  4033 | D:6      | Reached XP level 7. HP: 39/50 MP: 6/14
  4122 | D:6      | Reached skill level 5 in Conjurations
  4302 | D:6      | Reached skill level 6 in Fire Magic
  4377 | D:6      | Killed a hippogriff
  4697 | D:5      | Entered Level 5 of the Dungeon
  4697 | D:5      | Found Erihotur's Weapon Shoppe.
  4711 | D:5      | Reached skill level 6 in Conjurations
  4711 | D:5      | Reached XP level 8. HP: 57/57 MP: 9/15
  4762 | D:5      | Found a basalt altar of Yredelemnul.
  4828 | D:5      | Learned a level 5 spell: Fireball
  5049 | D:4      | Noticed Blork the orc
  5054 | D:4      | Noticed Eustachio
  5060 | D:4      | Killed Blork the orc
  5065 | D:4      | HP: 24/57 [Eustachio/+0 rapier (7)]
  5075 | D:4      | Killed Eustachio
  5075 | D:4      | Reached skill level 7 in Fire Magic
  5364 | D:4      | Found a large runed translucent door.
  5364 | D:4      | Found a large runed translucent door.
  5366 | D:4      | Noticed TheOvate's ghost (amateur GrEE)
  5868 | D:4      | Reached skill level 7 in Conjurations
  6400 | D:5      | Noticed Menkaure
  6419 | D:5      | Killed Menkaure
  6597 | D:5      | Reached skill level 8 in Fire Magic
  7122 | D:5      | Reached XP level 9. HP: 55/62 MP: 10/16
  7388 | D:5      | Identified the +7 rapier "Ysyemy" {speed, rPois Dex-2 SInv}
  7704 | D:5      | Reached skill level 8 in Conjurations
  7874 | D:5      | HP: 30/62 [gnoll/cursed +0 flail (12)]
  7880 | D:5      | HP: 22/62 [gnoll/+0 spear (5)]
  7885 | D:5      | HP: 15/62 [gnoll/+0 spear (7)]
  8485 | D:5      | Noticed Edmund
  8494 | D:5      | Killed Edmund
  8694 | D:5      | Noticed Ijyb
  8697 | D:5      | Paralysed by Ijyb for 7 turns
  8704 | D:5      | Killed Ijyb
  9054 | D:6      | Found a staircase to the Ecumenical Temple.
  9409 | D:7      | Reached skill level 9 in Fire Magic
  9691 | D:7      | Found a large runed translucent door.
  9691 | D:7      | Found a large runed translucent door.
  9695 | D:7      | Noticed a two-headed ogre
  9713 | D:7      | Killed a two-headed ogre
  9713 | D:7      | Reached skill level 4 in Spellcasting
  9729 | D:7      | Reached skill level 9 in Conjurations
  9777 | D:7      | HP: 29/62 [hippogriff (8)]
  9969 | D:7      | Found a large runed translucent door.
  9969 | D:7      | Found a large runed translucent door.
 10317 | D:7      | Reached XP level 10. HP: 63/69 MP: 13/19
 10597 | D:8      | Found a shimmering altar of Xom.
 10598 | D:8      | Found a burning altar of Makhleb.
 10694 | D:8      | HP: 22/69 [ogre/cursed -2 giant club (22)]
 10789 | D:8      | Reached skill level 1 in Armour
 11496 | D:8      | Reached skill level 2 in Armour
 11496 | D:8      | Reached skill level 10 in Fire Magic
 11512 | D:8      | Reached skill level 1 in Fighting
 11687 | D:8      | Reached skill level 2 in Fighting
 11687 | D:8      | Reached skill level 5 in Spellcasting
 12089 | D:8      | Reached skill level 3 in Armour
 12147 | D:8      | Reached skill level 10 in Conjurations
 12351 | D:9      | theanonym: !lg * dg win s=title
 12351 | D:9      | meem: 1593 games for * (dg win): 240x Slayer, 97x Warrior,
                  | 64x Conqueror, 58x Metallomancer, 57x Devastator, 52x
                  | Acrobat, 51x Eclecticist, 43x Sensei, 42x Hoplite, 42x
                  | Divine Blade, 38x Impregnable, 36x Sorcerer, 33x Spry, 32x
                  | Petrodigitator, 31x Archmage, 30x Ruinous, 26x God of
                  | Death, 26x Cloud Mage, 25x Meteorologist, 24x Grand Master,
                  | 23x Annihilator, 23x Pyromancer, 23x Phalangite, 22x
                  | Wrestler, 2...
 12351 | D:9      | theanonym: !lg * win title=~god|divine s=title
 12351 | D:9      | meem: No games for * (win title=~god|divine).
 12351 | D:9      | theanonym: !lg * win title=god|divine s=title
 12351 | D:9      | meem: No games for * (win title=god|divine).
 12351 | D:9      | theanonym: !lg * win title=~gode s=title
 12351 | D:9      | meem: No games for * (win title=~gode).
 12351 | D:9      | theanonym: !lg * win title=~god s=title
 12351 | D:9      | meem: 53 games for * (win title=~god): 26x God of Death,
                  | 15x Marksdemigod, 8x Merry Demigod, Placeless Demigod,
                  | Demigod Porcupine, Shapeless Demigod, Demigod of Death
 12351 | D:9      | theanonym: !lg . title=~god
 12351 | D:9      | meem: 1. theanonym the God of Death (L27 DgNe), escaped
                  | with the Orb and 5 runes on 2018-01-05 10:29:25, with
                  | 2513303 points after 107493 turns and 7:47:08.
 12387 | D:9      | Reached skill level 3 in Fighting
 12643 | D:9      | Reached skill level 4 in Armour
 12821 | D:9      | HP: 37/77 [yak (8)]
 12824 | D:9      | HP: 18/77 [yak (5)]
 12825 | D:9      | HP: 6/77 [yak (12)]
 13199 | D:9      | Noticed a two-headed ogre
 13225 | D:9      | Killed a two-headed ogre
 13225 | D:9      | Reached XP level 11. HP: 83/83 MP: 5/22
 13361 | D:9      | Found a stormy altar of Qazlal.
 13396 | D:9      | Found a shadowy altar of Dithmenos.
 13471 | D:9      | Identified the +5 dire flail of Inquiry {crush, Int+2
                  | Dex+6}
 13701 | D:9      | Found a shadowy altar of Dithmenos.
 13751 | D:9      | Found a sparkling altar of Nemelex Xobeh.
 13824 | D:9      | Found a staircase to the Orcish Mines.
 13849 | D:10     | Entered Level 10 of the Dungeon
 13925 | D:10     | Reached skill level 4 in Fighting
 14269 | D:10     | Noticed Harold
 14399 | D:10     | Killed Harold
 14868 | D:10     | Got a shimmering gossamer ring
 15073 | D:10     | Identified the ring of Doiwnyg {+Inv rF+} (You found it on
                  | level 10 of the Dungeon)
 15079 | D:10     | Identified a scroll of acquirement
 15392 | D:11     | Reached skill level 6 in Spellcasting
 15618 | D:11     | Reached skill level 5 in Fighting
 15857 | D:11     | Noticed an orc knight
 15868 | D:11     | HP: 40/86 [orc knight/+0 morningstar of venom (6)]
 15873 | D:11     | HP: 33/86 [poisoned by an orc knight]
 15875 | D:11     | Killed an orc knight
 15878 | D:11     | HP: 27/88 [poisoned by an orc knight]
 15884 | D:11     | HP: 24/88 [poisoned by an orc knight]
 15890 | D:11     | HP: 21/88 [poisoned by an orc knight]
 15895 | D:11     | HP: 20/88 [poisoned by an orc knight]
 15902 | D:11     | HP: 20/88 [poisoned by an orc knight]
 15910 | D:11     | HP: 20/88 [poisoned by an orc knight]
 16133 | D:11     | Noticed a two-headed ogre
 16142 | D:11     | Killed a two-headed ogre
 16441 | D:11     | Identified the +7 short sword of Zomnulef {venom, rPois rF+
                  | MR- Int+4 Dex-2}
 16441 | D:11     | Identified the amulet "Ruwnour" {RegenMP *Slow Str+5}
 16455 | D:11     | Noticed an unseen horror
 16456 | D:11     | Killed an unseen horror
 16677 | D:11     | Reached skill level 11 in Conjurations
 16677 | D:11     | Reached skill level 11 in Fire Magic
 16698 | D:11     | HP: 39/89 [troll (8)]
 17168 | D:11     | Noticed Gastronok
 17174 | D:11     | HP: 42/89 [Gastronok (29)]
 17176 | D:11     | HP: 16/89 [Gastronok/the air (26)]
 17178 | D:11     | Noticed a two-headed ogre
 17191 | D:11     | Killed Gastronok
 17191 | D:11     | Reached skill level 6 in Fighting
 17191 | D:11     | Reached skill level 7 in Spellcasting
 17191 | D:11     | Reached XP level 12. HP: 21/96 MP: 10/26
 17222 | D:11     | Found a staircase to the Lair.
 18664 | D:12     | HP: 39/97 [white ugly thing (15)]
 18667 | D:12     | HP: 19/97 [white ugly thing (14)]
 18676 | D:12     | HP: 10/97 [yak (12)]
 18687 | D:12     | HP: 8/97 [slime creature (5)]
 19107 | D:11     | HP: 46/97 [orc warrior/+0 long sword (4)]
 19108 | D:11     | HP: 20/97 [orc warrior/+0 long sword (7)]
 19109 | D:11     | HP: 8/97 [wyvern (5)]
 19110 | D:11     | Slain by a wyvern

Vanquished Creatures
  Gastronok (D:11)
  Harold (D:10)
  4 two-headed ogres
  An unseen horror (D:11)
  An orc knight (D:11)
  3 ugly things
  A gargoyle (D:11)
  A kobold demonologist (D:8)
  A queen bee (D:11)
  5 trolls
  A hornet (D:12)
  2 hippogriffs
  12 yaks
  4 hogs (D:8)
  3 wyverns
  A human (D:8)
  2 hungry ghosts
  A basilisk (D:11)
  A steam dragon (D:10)
  Eustachio (D:4)
  2 vampire mosquitoes
  Menkaure (D:5)
  Edmund (D:5)
  2 insubstantial wisps (D:9)
  A water moccasin (D:11)
  An ice beast (D:6)
  4 orc warriors
  6 sky beasts
  11 ogres
  3 phantoms
  A necrophage (D:7)
  5 centaurs
  A crocodile (D:9)
  4 big kobolds
  10 bullfrogs
  Blork the orc (D:4)
  2 gnoll sergeants
  A water moccasin zombie (D:5)
  A water moccasin skeleton (D:10)
  27 killer bees
  A wight (D:11)
  2 howler monkeys
  6 crimson imps
  A quasit (D:11)
  A bullfrog zombie (D:5)
  2 centaur zombies
  4 orc priests
  7 hounds
  3 bullfrog skeletons
  3 centaur skeletons
  2 jellies
  10 orc wizards
  A gnoll shaman (D:5)
  Jessica (D:2)
  Ijyb (D:5)
  4 iguanas
  11 worker ants
  A hound zombie (D:7)
  3 hound skeletons
  Robin (D:3)
  A worker ant zombie (D:8)
  14 adders
  44 gnolls
  2 shadow imps
  3 oozes (D:3)
  2 adder skeletons (D:8)
  2 adder zombies
  5 worms
  A dart slug (D:1)
  10 leopard geckos
  29 orcs
  4 giant cockroaches
  11 goblins
  9 hobgoblins
  21 jackals
  6 quokkas
  3 ball pythons
  6 bats
  6 frilled lizards
  A jackal skeleton (D:4)
  16 kobolds
  4 rats (D:3)
397 creatures vanquished.

Table legend:
 A = Turns spent in this place as a percentage of turns spent in the entire game.
 B = Non-inter-level travel turns spent in this place as a percentage of non-inter-level travel turns spent in the entire game.
 C = Inter-level travel turns spent in this place as a percentage of turns spent in this place.
 D = Turns resting spent in this place as a percentage of non-inter-level travel turns spent in this place.
 E = Turns spent auto-exploring this place as a percentage of non-inter-level travel turns spent in this place.
 F = Non-inter-level travel turns spent in this place divided by the number of levels of this place that you've seen.
                   A       B       C       D       E      F
               +-------+-------+-------+-------+-------+----------------------
         Total | 100.0 | 100.0 |   2.6 |  47.0 |  36.9 | 1550.5
       Dungeon | 100.0 | 100.0 |   2.6 |  47.0 |  36.9 | 1550.5
               +-------+-------+-------+-------+-------+----------------------
